 Dungeon Crawl Stone Soup version 0.25.0-11-g1f837a76a1 (webtiles) character file.

Game seed: 12877198223667929757

14242 Doot the Reanimator (level 11, -4/77 HPs)
             Began as a Vampire Necromancer on June 25, 2020.
             Was a High Priest of Sif Muna.
             Slain by a red ugly thing (19 damage)
             ... on level 12 of the Dungeon.
             The game lasted 00:36:17 (16721 turns).

Doot the Reanimator (Vampire Necromancer)          Turns: 16721, Time: 00:36:17

Health: -4/77      AC:  7    Str:  7    XL:     11   Next: 86%
Magic:  16/25      EV: 17    Int: 21    God:    Sif Muna [*****.]
Gold:   854        SH:  0    Dex: 30    Spells: 11/31 levels left

rFire    . . .     SeeInvis +   J - +6 falchion "Timasizu" {vamp, rC+ Dex+3}
rCold    + . .     Gourm    .   (no shield)
rNeg     . . .     Faith    .   w - +0 troll leather armour {Purgy}
rPois    +         Spirit   .   (no helmet)
rElec    +         Reflect  .   (no cloak)
rCorr    .         Harm     .   c - +0 pair of gloves
MR       +....                  e - +0 pair of boots
Stlth    ++++......             (no amulet)
HPRegen  0.82/turn              m - +6 ring of dexterity
MPRegen  0.19/turn              O - ring "Pohipn" {rElec rPois Dex+6}

@: regenerating quickly
A: no food, fangs 3, see invisible, unbreathing
a: Exsanguinate, Channel Magic, Forget Spell, Divine Exegesis, Renounce Religion


You were on level 12 of the Dungeon.
You worshipped Sif Muna.
Sif Muna was extremely pleased with you.
You were alive.

You visited 2 branches of the dungeon, and saw 13 of its levels.

You collected 854 gold pieces.

Inventory:

Hand Weapons
 f - a +0 dagger
 v - a +2 dagger of protection
 A - the +3 whip of Arbitration {drain, rElec rPois rF+ MP-9}
   (You found it on level 6 of the Dungeon)

   A truly terrible weapon, it drains the life of those it strikes.
   It protects you from fire.
   It insulates you from electricity.
   It protects you from poison.
   It affects your magic capacity (-9).
 I - a +2 dagger of venom
 J - the +6 falchion "Timasizu" (weapon) {vamp, rC+ Dex+3}
   (You found it on level 7 of the Dungeon)

   It inflicts no extra harm, but heals its wielder when it wounds a living foe.
   It affects your dexterity (+3).
   It protects you from cold.
Missiles
 y - 4 curare-tipped darts (quivered)
Armour
 a - a +0 robe
 c - a +0 pair of gloves (worn)
 e - a +0 pair of boots (worn)
 w - a +0 troll leather armour (worn) {Purgy}
 N - a +0 leather armour of positive energy
Magical Staves
 Q - an uncursed staff of conjuration
Jewellery
 d - an uncursed ring of ice
 m - a +6 ring of dexterity (left hand)
 o - an uncursed ring of resist corrosion
 x - an uncursed ring of protection from magic
 O - the ring "Pohipn" (right hand) {rElec rPois Dex+6}
   (You took it off an orc on level 8 of the Dungeon)

   [ring of dexterity]

   It affects your dexterity (+6).
   It insulates you from electricity.
   It protects you from poison.
 X - a +6 ring of strength
Wands
 t - a wand of flame (26)
 D - a wand of digging (14)
 F - a wand of polymorph (7)
 G - a wand of random effects (12)
 S - a wand of acid (11)
Scrolls
 i - 8 scrolls of identify {unknown}
 l - 7 scrolls of remove curse
 q - a scroll of blinking {unknown}
 r - 2 scrolls of amnesia {unknown}
 u - 7 scrolls of teleportation {unknown}
 B - a scroll of enchant weapon {unknown}
 C - 2 scrolls of immolation {unknown}
 K - a scroll of random uselessness {unknown}
 L - 2 scrolls of fear {unknown}
 R - a scroll of vulnerability {unknown}
 W - a scroll of brand weapon {unknown}
Potions
 b - 3 potions of lignification {unknown}
 g - 5 potions of heal wounds {unknown}
 h - 2 potions of might {unknown}
 j - 5 potions of haste
 k - 2 potions of stabbing {unknown}
 n - a potion of magic {unknown}
 p - 5 potions of curing {unknown}
 s - 3 potions of flight {unknown}
 z - 2 potions of invisibility {unknown}
 E - a potion of mutation {unknown}
 H - a potion of cancellation {unknown}
 M - a potion of degeneration {unknown}
 T - a potion of resistance
 U - a potion of brilliance {unknown}
 V - a potion of berserk rage {unknown}
Miscellaneous
 P - a phantom mirror


   Skills:
 + Level 4.0 Fighting
 + Level 2.9(4.6) Short Blades
 + Level 5.1(5.4) Long Blades
 + Level 0.5 Throwing
 + Level 3.9 Armour
 + Level 5.5 Dodging
 + Level 6.1 Stealth
 + Level 10.8 Spellcasting
 + Level 12.6 Necromancy


You had 11 spell levels left.
You knew the following spells:

 Your Spells              Type           Power        Failure   Level  Hunger
a - Pain                  Necr           ####         1%          1    N/A
b - Animate Skeleton      Necr           N/A          1%          1    N/A
c - Vampiric Draining     Necr           ######....   1%          3    N/A
d - Animate Dead          Necr           N/A          1%          4    N/A
e - Agony                 Necr           ######..     1%          5    N/A
f - Dispel Undead         Necr           ######..     1%          4    N/A
g - Blink                 Tloc           N/A          13%         2    N/A

Your spell library contained the following spells:

 Spells                   Type           Power        Failure   Level  Hunger
 Corpse Rot               Necr/Air       N/A          1%          2    N/A
 Sublimation of Blood     Necr           ######....   1%          2    N/A
 Magic Dart               Conj           ##..         9%          1    N/A
 Sandblast                Erth           ##....       9%          1    N/A
 Summon Small Mammal      Summ           ##..         9%          1    N/A
 Call Imp                 Summ           ##......     13%         2    N/A
 Passwall                 Tmut/Erth      ##......     13%         2    N/A
 Slow                     Hex            ##......     13%         2    N/A
 Excruciating Wounds      Chrm/Necr      #####.....   19%         5    N/A
 Call Canine Familiar     Summ           ##......     26%         3    N/A
 Conjure Flame            Conj/Fire      ##......     26%         3    N/A
 Mephitic Cloud           Conj/Pois/Air  ##......     26%         3    N/A
 Stone Arrow              Conj/Erth      ##....       26%         3    N/A
 Summon Guardian Golem    Hex/Summ       ##......     26%         3    N/A
 Petrify                  Tmut/Erth      ##......     65%         4    N/A
 Summon Ice Beast         Ice/Summ       ##......     65%         4    N/A
 Summon Lightning Spire   Summ/Air       ##......     65%         4    N/A
 Lee's Rapid Deconstruct  Erth           ##........   94%         5    N/A

Dungeon Overview and Level Annotations

Branches:
Dungeon (12/15)            Temple (1/1) D:4            Lair (0/6) D:10
    Orc (0/2) D:11

Altars:
Ashenzari
Cheibriados
Dithmenos
Elyvilon
Fedhas
Gozag
Hepliaklqana
Kikubaaqudgha
Makhleb
Nemelex Xobeh
Okawaru
Qazlal
Ru
Sif Muna
Trog
Uskayaw
Vehumet
Wu Jian
Xom
Yredelemnul
Zin
The Shining One

Annotations:
D:5 2 transporters, Curus's ghost, novice MiAK
D:9 2 transporters


Innate Abilities, Weirdness & Mutations

You do not eat.
Your natural rate of healing is unusually fast.
You have razor-sharp teeth.
You have supernaturally acute eyesight. (SInv)
You can survive without breathing.


Message History

You are engulfed in flames!
Casting: Pain (safe; 1% risk of failure)
Confirm with . or Enter, or press ? or * to list all spells.
Aiming: Vampiric Draining (safe; 1% risk of failure)
Press: ? - help, Shift-Dir - straight line, f/p - red ugly thing
Aim: a red ugly thing The red ugly thing is lightly wounded.
You feel life coursing into your body. The red ugly thing headbutts you.
You are engulfed in flames!
* * * LOW HITPOINT WARNING * * *
Casting: Vampiric Draining (safe; 1% risk of failure)
Confirm with . or Enter, or press ? or * to list all spells.
Aiming: Vampiric Draining (safe; 1% risk of failure)
Press: ? - help, Shift-Dir - straight line, f/p - red ugly thing
Aim: a red ugly thing (lightly wounded)
The red ugly thing is moderately wounded.
You feel life coursing into your body. The red ugly thing headbutts you.
* * * LOW HITPOINT WARNING * * *
You are engulfed in flames!!
You die...

....##..##.....%.###.#
##.##.#.# #.....(......#
#.###.#.#.#.# #....[...)...#
#..>.###....#
###.##.K###<...#
#####.#..####
.^......###....# ##.#.#
###.##........<### #.#.#
#.#######..K.KK# ######.#.#
##.#######...##u# #......#.#
....(........##@###.######.#
##.####......##.##...#####.#
#.# #.###.###....#.......#
#.# #.# #.# ####...#######
#.# #.# ##.## #.# #.# #.#
#K# #.#######.# #K#
#.......).# #.# ###########


You could see a red ugly thing and 2 kobolds.

Vanquished Creatures
  A centaur warrior (D:8)
  2 two-headed ogres
  An unseen horror (D:12)
  A deep elf mage (D:11)
  An ugly thing (D:11)
  2 kobold demonologists (D:12)
  3 trolls
  2 hornets (D:8)
  5 hippogriffs
  A shadow (D:11)
  10 yaks (D:10)
  3 hungry ghosts
  A vampire mosquito (D:8)
  Edmund (D:5)
  Duvessa (D:7)
  4 orc warriors (D:11)
  6 porcupines (D:10)
  Purgy (D:3)
  3 ice beasts
  5 sky beasts
  2 eyes of draining
  2 black bears
  2 phantoms
  3 ogres
  A necrophage (D:9)
  4 centaurs
  A crocodile (D:10)
  A big kobold (D:8)
  6 bullfrogs
  2 wyvern zombies
  Dowan (D:7)
  3 scorpions (D:9)
  8 killer bees
  2 howler monkeys
  4 crimson imps
  2 centaur zombies
  A quasit (D:5)
  4 bullfrog skeletons
  4 hounds
  4 jellies
  3 centaur skeletons
  2 orc priests
  5 orc wizards
  Natasha (thrice) (D:2)
  4 iguanas
  5 worker ants
  Terence (D:2)
  A hound zombie (D:8)
  A howler monkey zombie (D:7)
  4 worker ant zombies
  9 gnolls
  12 adders
  2 shadow imps
  6 oozes
  An adder zombie (D:8)
  An adder skeleton (D:4)
  5 worms
  3 dart slugs
  4 leopard geckos
  40 orcs
  13 bats
  10 giant cockroaches
  7 goblins
  9 hobgoblins
  6 jackals
  11 kobolds
  4 quokkas
  2 ball pythons
  5 frilled lizards
  A jackal skeleton (D:4)
  19 rats
310 creatures vanquished.

Vanquished Creatures (collateral kills)
  A hippogriff (D:11)
  2 yaks (D:10)
  A porcupine (D:10)
  An orc warrior (D:11)
  A scorpion (D:10)
  2 killer bees (D:11)
  A crimson imp (D:9)
  A jelly (D:9)
  2 oozes (D:9)
12 creatures vanquished.

Vanquished Creatures (others)
  23 fungi (D:10)
  10 plants (D:10)
33 creatures vanquished.

Grand Total: 355 creatures vanquished

Notes
Turn   | Place    | Note
-------+----------+-------------------------------------------
     0 | D:1      | Doot the Vampire Necromancer began the quest for the Orb.
     0 | D:1      | Reached XP level 1. HP: 13/13 MP: 3/3
   321 | D:1      | Reached XP level 2. HP: 19/19 MP: 0/5
   776 | D:2      | Noticed Terence
   781 | D:2      | Noticed Natasha
  1177 | D:2      | Reached XP level 3. HP: 24/24 MP: 4/6
  1180 | D:2      | Learned a level 1 spell: Animate Skeleton
  1184 | D:2      | Learned a level 3 spell: Vampiric Draining
  1247 | D:2      | Reached skill level 5 in Necromancy
  1395 | D:3      | Noticed Purgy
  1540 | D:3      | Found a shimmering altar of Xom.
  1745 | D:3      | Reached XP level 4. HP: 17/30 MP: 1/8
  2069 | D:4      | Learned a level 4 spell: Animate Dead
  2086 | D:4      | Reached XP level 5. HP: 23/35 MP: 0/10
  2126 | D:4      | Reached skill level 6 in Necromancy
  2641 | D:4      | Reached XP level 6. HP: 42/42 MP: 11/11
  2802 | D:4      | Found a staircase to the Ecumenical Temple.
  2884 | Temple   | Entered the Ecumenical Temple
  2988 | Temple   | Became a worshipper of Sif Muna the Loreminder
  4019 | D:2      | Killed Natasha
  4201 | D:2      | Noticed Natasha
  4205 | D:2      | Killed Natasha
  4227 | D:2      | Noticed Natasha
  4240 | D:2      | Killed Natasha
  4306 | D:2      | Reached * piety under Sif Muna
  4481 | D:2      | Killed Terence
  4875 | D:3      | Killed Purgy
  4881 | D:3      | Reached XP level 7. HP: 32/47 MP: 0/14
  5094 | D:3      | Learned a level 5 spell: Agony
  5284 | D:4      | Reached skill level 1 in Short Blades
  5284 | D:4      | Reached skill level 5 in Spellcasting
  5393 | D:4      | Reached skill level 7 in Necromancy
  5596 | D:4      | Found an ancient bone altar of Kikubaaqudgha.
  5597 | D:4      | Found a snail-covered altar of Cheibriados.
  5764 | D:5      | Entered Level 5 of the Dungeon
  5986 | D:5      | Noticed a hornet
  5993 | D:5      | Found a transporter.
  5997 | D:5      | Found a transporter.
  5998 | D:5      | Noticed Curus's ghost (novice MiAK)
  6449 | D:6      | Reached skill level 1 in Fighting
  6656 | D:6      | Got a steaming whip
  6656 | D:6      | Identified the +3 whip of Arbitration {drain, rElec rPois
                  | rF+ MP-9} (You found it on level 6 of the Dungeon)
  6679 | D:6      | Found a burning altar of Makhleb.
  6851 | D:6      | Reached skill level 1 in Armour
  7158 | D:6      | Reached ** piety under Sif Muna
  7603 | D:5      | Reached XP level 8. HP: 52/54 MP: 4/15
  7955 | D:5      | Noticed Edmund
  7977 | D:5      | Killed Edmund
  8275 | D:7      | Noticed Duvessa
  8278 | D:7      | Noticed Dowan
  8566 | D:7      | Got a warped falchion
  8566 | D:7      | Identified the +6 falchion "Timasizu" {vamp, rC+ Dex+3}
                  | (You found it on level 7 of the Dungeon)
  8675 | D:7      | Killed Duvessa
  8675 | D:7      | Reached skill level 8 in Necromancy
  8747 | D:7      | Killed Dowan
  8984 | D:7      | Noticed a hippogriff
  9005 | D:7      | Killed a hippogriff
  9005 | D:7      | Reached skill level 1 in Long Blades
  9448 | D:8      | Reached XP level 9. HP: 56/61 MP: 18/18
  9641 | D:8      | Reached skill level 5 in Stealth
  9696 | D:8      | Noticed a two-headed ogre
  9909 | D:8      | Reached skill level 9 in Necromancy
 10027 | D:8      | Identified the ring "Pohipn" {rElec rPois Dex+6}
 10049 | D:8      | Reached *** piety under Sif Muna
 10097 | D:8      | Killed a two-headed ogre
 10429 | D:8      | Reached XP level 10. HP: 68/68 MP: 12/22
 10845 | D:8      | Noticed a centaur warrior
 10927 | D:8      | Killed a centaur warrior
 10927 | D:8      | Reached skill level 10 in Necromancy
 11355 | D:8      | Learned a level 4 spell: Dispel Undead
 12244 | D:9      | Reached skill level 5 in Dodging
 12390 | D:9      | Found a transporter.
 12395 | D:9      | Noticed a flayed ghost
 12397 | D:9      | Found a hazy altar of Hepliaklqana.
 12406 | D:9      | Noticed a two-headed ogre
 12564 | D:9      | Found an iron altar of Okawaru.
 12575 | D:9      | Reached **** piety under Sif Muna
 12648 | D:9      | Found a transporter.
 12923 | D:10     | Entered Level 10 of the Dungeon
 13069 | D:10     | Found a glowing golden altar of the Shining One.
 13285 | D:10     | Reached skill level 11 in Necromancy
 13301 | D:10     | Reached XP level 11. HP: 58/75 MP: 8/24
 13724 | D:10     | Found a staircase to the Lair.
 14431 | D:10     | Reached skill level 10 in Spellcasting
 14887 | D:11     | Noticed a deep elf mage
 14935 | D:11     | Killed a deep elf mage
 14987 | D:11     | Noticed a cyan ugly thing
 15099 | D:11     | Killed a cyan ugly thing
 15105 | D:11     | Noticed a two-headed ogre
 15282 | D:11     | Reached ***** piety under Sif Muna
 15289 | D:11     | Reached skill level 12 in Necromancy
 15528 | D:11     | Found a staircase to the Orcish Mines.
 15878 | D:11     | Received a gift from Sif Muna
 15883 | D:11     | Learned a level 2 spell: Blink
 15952 | D:11     | Killed a two-headed ogre
 15952 | D:11     | Reached skill level 5 in Long Blades
 16421 | D:12     | Noticed an unseen horror
 16434 | D:12     | Killed an unseen horror
 16584 | D:12     | Noticed a red ugly thing
 16721 | D:12     | Slain by a red ugly thing

Illustrated notes

Levels and vault maps discovered:
D:1:      wander_arrival_chamber, layout_basic
D:2:      layout_loops_cross, minmay_rat_gold_closets, uniq_natasha,
          uniq_terence
D:3:      layout_basic, lemuel_crystal_altar, due_unseen_surprise, uniq_purgy
D:4:      layout_loops_ring, gammafunk_temple_overflow_statue, temple_doors_e
D:5:      layout_loops_ring, gammafunk_ghost_hive, first_ration, uniq_edmund
D:6:      layout_cave_pools, nicolae_overflow_hidden_temple, serial_undead,
          serial_undead_b, serial_undead_b, serial_undead_a, serial_undead_d,
          gup_sewer_entry_bowl
D:7:      layout_loops_cross, uniq_duvessa
D:8:      minmay_the_grid_octo_tiled_squarecenter [minmay_the_grid_octo_clover,
          minmay_the_grid_octo_focus, minmay_the_grid_octo_clover_2,
          minmay_the_grid_octo_chip,
          minmay_the_grid_square_5x5_megaprize_checkered,
          minmay_the_grid_square_5x5_seven, minmay_the_grid_square_5x5_minimal,
          minmay_the_grid_square_5x5_c, minmay_the_grid_square_5x5_longway],
          layout_rooms, serial_glass, glass_columns_b, glass_columns_b,
          glass_columns_b, glass_columns_c, glass_columns_b, glass_columns_c
D:9:      layout_cave_pools, gammafunk_temple_overflow_arena,
          okawaru_altar_gauntlet_db, hangedman_little_slice_of_home
D:10:     layout_grid_maze, due_lair_maze_entry_diamond, tso_metal_star
D:11:     layout_rooms, erik_orc_3
D:12:     layout_loops_ring, xom_redecorated
Temple:   regret_index_temple_sphere_string

Skill      XL: |  1  2  3  4  5  6  7  8  9 10 11 |
---------------+----------------------------------+-----
Necromancy     | 5 6 7 8 9 11 12 | 12.6
Spellcasting   | 3 4 5 6 8 9 10 | 10.8
Stealth        | 4 5 6 |  6.1
Short Blades   | 2 |  2.9
Dodging        | 3 4 5 |  5.5
Fighting       | 1 2 3 4 |  4.0
Armour         | 1 2 3 |  3.9
Long Blades    | 1 3 4 5 |  5.1
Throwing       | |  0.5

Action                   |  1- 3 |  4- 6 |  7- 9 | 10-12 || total
-------------------------+-------+-------+-------+-------++-------
Melee: Unarmed           |     4 |       |       |       ||     4
       Dagger            |     4 |    84 |   448 |       ||   536
       Bite              |       |    15 |    65 |    46 ||   126
       Falchion          |       |       |   113 |   201 ||   314
Throw: Dart              |       |       |     4 |     1 ||     5
 Cast: Pain              |    95 |    88 |   137 |   253 ||   573
       Animate Skeleton  |     1 |     1 |       |       ||     2
       Vampiric Draining |       |    10 |    31 |    70 ||   111
       Animate Dead      |       |       |     4 |    11 ||    15
       Agony             |       |       |     4 |    16 ||    20
       Dispel Undead     |       |       |       |     9 ||     9
  Use: Scroll            |       |       |       |     2 ||     2
 Stab: Sleeping          |     1 |     9 |    12 |     6 ||    28
       Distracted        |       |       |     1 |       ||     1
Armor: Robe              |    21 |    26 |       |       ||    47
       Troll leather arm |       |       |   249 |    84 ||   333
Dodge: Dodged            |    66 |    82 |   492 |   343 ||   983
       Rpst.: Falchion   |       |       |    36 |    76 ||   112
